 Dungeon Crawl Stone Soup version 0.29.0-10-g45618ea6d2 (webtiles) character file.

Game seed: 16409486348231047773

116318 mortz the Eclecticist (level 17, -9/92 HPs)
             Began as a Djinni Conjurer on Aug 28, 2022.
             Was the Champion of Hepliaklqana.
             Mangled by an emperor scorpion simulacrum (30 damage)
             ... on level 1 of the Spider Nest on Sept 2, 2022.
             The game lasted 04:47:22 (37567 turns).

mortz the Eclecticist (Djinni Conjurer)            Turns: 37567, Time: 04:47:22

Health: -9/92      AC: 18    Str: 12    XL:     17   Next: 26%
Gold:   1116       EV: 12    Int: 29    God:    Hepliaklqana [******] SH: 10 Dex: 14

rFire   + + .      SeeInvis +   a - +8 dagger of Waics {vorpal, rN+ Int+3}
rCold   . . .      Faith    .   p - +2 kite shield {AC+3}
rNeg    + . .      Spirit   .   T - +2 troll leather armour
rPois   ∞          Reflect  .   l - +2 helmet {SInv}
rElec   .          Harm     .   F - +0 cloak of the Moon {+Inv rCorr}
rCorr   +          Rampage  .   m - +2 pair of gloves of Beaxu {Regen+ SInv}
Will    +....                   (boots unavailable)
Stlth   +++++.....              y - amulet of the acrobat
HPRegen 1.85/turn               c - ring of protection from cold
MPRegen 0.00/turn               I - +6 ring of strength

@: flying
A: reduced essence, sickness immunity, fire resistance 2, cold vulnerability 1,
float, innate caster, HP casting, extra vitality 1
a: Renounce Religion, Evoke Invisibility, Recall Ancestor, Ancestor Identity,
Transference, Idealise


You were on level 1 of the Spider Nest.
You worshipped Hepliaklqana.
Hepliaklqana was exalted by your worship.
You visited 5 branches of the dungeon, and saw 24 of its levels.
You also visited: Ice Cave.

You collected 2917 gold pieces.
You spent 1801 gold pieces at shops.

Inventory:

Hand Weapons
 a - the +8 dagger of Waics (weapon) {vorpal, rN+ Int+3}
   (You took it off a kobold on level 8 of the Dungeon)

   It inflicts extra damage upon your enemies.
   Int:       It affects your intelligence (+3).
   rN:        It protects you from negative energy.
 b - the +8 trident "Mises" {elec, rC++}
   (You found it on level 11 of the Dungeon)

   It occasionally discharges a powerful burst of electricity upon striking a
   foe.
   rC:        It greatly protects you from cold.
Missiles
 Q - 7 throwing nets
Armour
 l - a +2 helmet of see invisible (worn)
 m - the +2 pair of gloves of Beaxu (worn) {Regen+ SInv}
   (You acquired it on level 14 of the Dungeon)

   SInv:      It lets you see invisible.
   Regen:     It increases your rate of health regeneration.
 p - a +2 kite shield of protection (worn)
 s - +0 fire dragon scales
 u - the +1 robe "Pelyto" {rElec Dex+4}
   (You found it on level 4 of the Lair of Beasts)

   Dex:       It affects your dexterity (+4).
   rElec:     It insulates you from electricity.
 B - a +3 leather armour
 E - a +2 helmet
 F - the +0 cloak of the Moon (worn) {+Inv rCorr}
   (You acquired it on level 14 of the Dungeon)

   +Inv:      It lets you turn invisible.
   rCorr:     It protects you from acid and corrosion.
 H - the +3 robe of Clouds {*Thunder rCloud rElec}
   (You took it off an orc wizard on level 8 of the Dungeon)

   It occasionally creates storm clouds above nearby enemies.
   It grants its wearer immunity to clouds.
   rElec:     It insulates you from electricity.
 T - a +2 troll leather armour (worn)
 U - a +2 robe of cold resistance
 Z - a scarf of invisibility
Jewellery
 c - a ring of protection from cold (left hand)
 q - a ring of see invisible
 y - an amulet of the acrobat (around neck)
 I - a +6 ring of strength (right hand)
Wands
 f - a wand of iceblast (7)
 i - a wand of polymorph (10)
 t - a wand of flame (44)
 N - a wand of acid (25)
 R - a wand of mindburst (11)
 V - a wand of paralysis (6)
Scrolls
 j - 6 scrolls of teleportation
 k - 5 scrolls of poison
 w - 2 scrolls of blinking
 x - a scroll of identify
 G - a scroll of fear
 K - a scroll of brand weapon
 L - 2 scrolls of butterflies
 M - 3 scrolls of immolation
 O - a scroll of summoning
 P - 9 scrolls of magic mapping
 X - 2 scrolls of enchant weapon
Potions
 d - 11 potions of ambrosia
 e - 5 potions of lignification
 g - 16 potions of curing
 h - 4 potions of brilliance
 n - a potion of invisibility
 o - 3 potions of attraction
 r - 7 potions of heal wounds
 v - 5 potions of might
 z - 6 potions of mutation
 A - a potion of cancellation
 D - 5 potions of resistance
 J - a potion of berserk rage
 Y - a potion of haste
Miscellaneous
 C - a lightning rod (4/4)
 W - a phial of floods


   Skills:
 + Level 3.5 Fighting
 + Level 2.3 Short Blades
 + Level 8.5 Armour
 + Level 6.4 Dodging
 * Level 12.2 Stealth
 + Level 2.3 Shields
 + Level 17.7 Spellcasting
 * Level 8.5 Invocations


You had 8 spell levels left.
You knew the following spells:

 Your Spells              Type           Power      Damage    Failure   Level
a - Magic Dart            Conj           100%       1d8       0%          1
b - Searing Ray           Conj           100%       2d8       0%          2
c - Iskenderun's Mystic   Conj/Tloc      91%        2d18      1%          4
d - Fulminant Prism       Conj/Hex       45%        3d21      1%          4
e - Dazzling Flash        Conj/Hex       100%       N/A       0%          3
f - Sting                 Tmut/Pois      100%       1d8       0%          1
g - Scorch                Fire           100%       2d10      0%          2
h - Wereblood             Tmut           91%        N/A       0%          2
i - Mephitic Cloud        Conj/Pois/Air  91%        N/A       0%          3
j - Dispel Undead         Necr           91%        3d29      1%          4
k - Borgnjor's Vile Clut  Necr/Erth      45%        N/A       1%          5
l - Simulacrum            Ice/Necr       45%        N/A       1%          6
m - Statue Form           Tmut/Erth      60%        N/A       1%          6
Your spell library was empty.

Dungeon Overview and Level Annotations

Branches:
Dungeon (15/15)            Temple (1/1) D:5            Lair (5/5) D:10
 Shoals (0/4) Lair:2       Spider (1/4) Lair:3        Slime (0/5) Lair:4
    Orc (2/2) D:12            Elf (0/3) Orc:2        Vaults (0/5) D:14
 Depths (0/4) D:15          IceCv (visited)

Altars:
Ashenzari
Cheibriados
Dithmenos
Elyvilon
Fedhas
Gozag
Hepliaklqana
Makhleb
Nemelex Xobeh
Okawaru
Qazlal
Ru
Trog
Uskayaw
Wu Jian
Xom
Yredelemnul
Zin
The Shining One

Shops:
D:14 [?*?   Orc:2 ![**

Annotations:
D:14 Roxanne
Lair:4 2 transporters, Cegin's ghost, journeyman MiBe


Innate Abilities, Weirdness & Mutations

Your life essence is reduced to manifest your ancestor. (-10% HP)
You are immune to sickness and miasma.
You are immune to poison.
Your flesh is very heat resistant. (rF++)
You are vulnerable to cold. (rC-)
You float through the air rather than walking.
You learn spells naturally, not from books.
Your magical power is your life essence.
You have superior vitality. (+4 MHP)


Message History

The mystic blast hits the wolf spider simulacrum!
The wolf spider simulacrum is moderately damaged.
The wolf spider simulacrum is knocked back by the mystic blast.
The wolf spider simulacrum collides with the orb spider!
The orb spider is moderately wounded.
The wolf spider simulacrum is severely damaged.
The mystic blast hits the emperor scorpion simulacrum!
The emperor scorpion simulacrum is heavily damaged.
The emperor scorpion simulacrum is knocked back by the mystic blast.
The emperor scorpion simulacrum collides with the wolf spider simulacrum!
The wolf spider simulacrum vaporises!
Casting: Iskenderun's Mystic Blast (safe; 1% risk of failure)
Confirm with . or Enter, or press ? or * to list all spells.
You erupt in a blast of force!
The mystic blast hits the emperor scorpion simulacrum but does no damage.
The emperor scorpion simulacrum is heavily damaged.
The emperor scorpion simulacrum barely misses you.
The emperor scorpion simulacrum claws you but does no damage. x2
Casting: Iskenderun's Mystic Blast (safe; 1% risk of failure)
Confirm with . or Enter, or press ? or * to list all spells.
You erupt in a blast of force!
The mystic blast hits the emperor scorpion simulacrum but does no damage.
The emperor scorpion simulacrum is heavily damaged.
The emperor scorpion simulacrum hits you but does no damage.
The emperor scorpion simulacrum closely misses you.
The emperor scorpion simulacrum claws you but does no damage.
Casting: Iskenderun's Mystic Blast (safe; 1% risk of failure)
Confirm with . or Enter, or press ? or * to list all spells.
Aiming: Searing Ray (safe; 0% risk of failure)
Press: ? - help, Shift-Dir - straight line, f - orb spider
Aim: an orb spider (moderately wounded, soul bound, 83% to hit)
The searing ray hits the emperor scorpion simulacrum but does no damage.
The emperor scorpion simulacrum is heavily damaged.
The searing ray hits the orb spider!
The orb spider is heavily wounded. (Press . to maintain the ray.)
The emperor scorpion simulacrum hits you!
* * * LOW HITPOINT WARNING * * *
The emperor scorpion simulacrum freezes you!!
You die...

#..##...##...##.....#..#
#..#.....#...†....###..#
#.....†..##.>..####....#
#..#.#####.###...#.......#
#.. ... #..######.......#
# ..... ##...#..........#
#.###B #s°##........#.# #
.. ###Z##.......### ..
##@##.....#..# ..
##.####.##..# ##..#
#.#...# #...###.#...#
#.#....##...# #s#
####...#..### B..#
#####..# #s.# ##.## #..
#.##


You could see an orb spider (soul bound) and an emperor scorpion simulacrum.

Vanquished Creatures
  Jorgrun (Spider:1)
  An emperor scorpion (Spider:1)
  A ghost moth (Spider:1)
  2 orc warlords
  A reaper (IceCv)
  An entropy weaver (Spider:1)
  The ghost of Fuxod the Fighter, a journeyman GnWn of Xom (Lair:3)
  A fire dragon (D:15)
  Fannar (D:10)
  Harold (D:10)
  4 boulder beetles
  3 centaur warriors
  4 hydras
  An anaconda (Lair:5)
  4 two-headed ogres
  3 death yaks (Lair:5)
  A tengu warrior (D:14)
  An orc high priest (Orc:2)
  A skeletal warrior (D:14)
  A pharaoh ant (Spider:1)
  Pikel (D:5)
  An orb spider (Lair:3)
  An orc knight (Orc:2)
  A deep elf pyromancer (D:15)
  An ugly thing (D:13)
  2 orc sorcerers
  2 wolf spiders (Spider:1)
  2 manticores (D:14)
  A cyclops (D:13)
  7 slime creatures
  An oklob plant (Lair:2)
  17 elephants
  A moth of wrath (Spider:1)
  6 black mambas
  2 centaur zombies (D:15)
  An ice statue (IceCv)
  A naga mage (D:15)
  11 cane toads
  A torpor snail (Spider:1)
  5 komodo dragons
  A storm dragon simulacrum (D:14)
  A kobold demonologist (D:8)
  An anaconda simulacrum (IceCv)
  A queen bee (Lair:4)
  5 trolls
  8 polar bears
  3 meliai (Lair:4)
  13 blink frogs
  Grinder (D:6)
  A hornet (shapeshifter) (D:15)
  2 tarantellas (Spider:1)
  5 dream sheep (Lair:5)
  A jumping spider (Spider:1)
  A snapping turtle (Lair:2)
  A jumping spider (shapeshifter) (D:15)
  Eustachio (D:6)
  A basilisk (Lair:2)
  31 yaks
  3 wyverns
  3 wraiths
  2 dire elephant simulacra (IceCv)
  3 vampire mosquitoes (D:13)
  A redback (Spider:1)
  6 wargs
  An acid dragon (D:9)
  Edmund (D:6)
  The ghost of jujuben the Magician, an amateur DEFE (D:4)
  16 hell hounds
  8 water moccasins
  25 orc warriors
  8 black bears
  An ice beast (D:6)
  7 wolves (Lair:5)
  5 ogres
  5 centaurs
  A phantom (D:5)
  3 lemures (D:5)
  13 kobold brigands
  Blork the orc (D:6)
  11 bullfrogs
  2 gnoll sergeants
  3 necrophages
  3 two-headed ogre simulacra (IceCv)
  3 scorpions
  2 cane toad simulacra (IceCv)
  4 wights
  2 elephant simulacra (IceCv)
  14 killer bees
  2 howler monkeys
  An electric eel (Lair:2)
  17 orc priests
  5 hounds
  2 jellies
  4 iguanas
  6 hell rats (Lair:2)
  14 orc wizards
  2 wolf simulacra (IceCv)
  Robin (D:2)
  14 gnolls
  4 adders
  4 naga simulacra (IceCv)
  A shadow imp (D:5)
  5 white imps (IceCv)
  5 ufetubi
  A worm (D:2)
  2 dart slugs
  87 orcs
  5 ball pythons
  4 endoplasms
  2 giant cockroaches
  13 goblins
  14 hobgoblins
  4 jackals (D:2)
  23 kobolds
  4 bats
  2 frilled lizards (D:2)
  3 rats
586 creatures vanquished.

Vanquished Creatures (collateral kills)
  An orc warlord (Orc:2)
  Azrael (Orc:2)
  Josephine (Lair:3)
  3 hydras
  3 centaur warriors
  An ogre mage (D:15)
  3 boulder beetles
  3 two-headed ogres
  A death yak (Lair:5)
  4 orc high priests
  3 skeletal warriors (D:14)
  A sun moth (Spider:1)
  A deep elf pyromancer (D:15)
  3 orc knights (Orc:2)
  2 wizards (D:15)
  6 ugly things
  A necromancer (D:15)
  3 orc sorcerers (Orc:2)
  3 cyclopes
  A manticore (D:12)
  5 elephants
  Maurice (Orc:2)
  A centaur zombie (D:15)
  2 black mambas
  3 cane toads
  A centaur skeleton (D:15)
  3 rime drakes
  3 komodo dragons
  A kobold demonologist (D:13)
  2 polar bears (Lair:5)
  An anaconda simulacrum (IceCv)
  7 trolls
  A tarantella (Spider:1)
  A raiju (Lair:5)
  5 blink frogs
  A tarantella (shapeshifter) (D:14)
  A jumping spider (shapeshifter) (D:14)
  3 shadows
  Sigmund (D:5)
  3 wraiths
  23 yaks
  4 basilisks
  A vampire mosquito (D:13)
  A fire elemental (Orc:2)
  2 wargs
  2 water moccasins
  7 hell hounds
  A hydra simulacrum (IceCv)
  23 orc warriors
  7 ogres
  5 black bears (Lair:5)
  6 wolves (Lair:5)
  3 centaurs (D:14)
  A kobold brigand (D:7)
  2 bullfrogs
  7 two-headed ogre simulacra (IceCv)
  A cane toad simulacrum (IceCv)
  2 wights
  An elephant simulacrum (IceCv)
  3 killer bees (Lair:4)
  13 orc priests
  5 orc wizards
  3 spriggan simulacra (IceCv)
  A hell rat (Lair:2)
  2 troll simulacra (IceCv)
  3 gnolls (D:10)
  An adder (D:4)
  A naga simulacrum (IceCv)
  4 white imps (IceCv)
  2 ufetubi (IceCv)
  24 orcs
  2 kobolds
254 creatures vanquished.

Vanquished Creatures (others)
  10 knights
  An orc priest (Orc:2)
  3 ancestors (D:8)
  2 orcs (Orc:2)
  12 fulminant prisms
  24 fungi
  135 plants
  16 toadstools (Lair:2)
203 creatures vanquished.

Grand Total: 1043 creatures vanquished

Notes
Turn   | Place    | Note
-------+----------+-------------------------------------------
     0 | D:1      | mortz the Djinni Conjurer began the quest for the Orb.
     0 | D:1      | mortz set off with the following spells memorised: Magic
                  | Dart, Searing Ray, Dazzling Flash, Fulminant Prism,
                  | Iskenderun's Mystic Blast.
     0 | D:1      | Reached XP level 1. HP: 15/15 MP: 0/0
   349 | D:1      | Found a faded altar of an unknown god.
   546 | D:1      | Reached XP level 2. HP: 18/21 MP: 0/0
  1333 | D:2      | Reached XP level 3. HP: 17/25 MP: 0/0
  1333 | D:2      | Learned a level 1 spell: Sting
  1586 | D:2      | Reached skill level 4 in Spellcasting
  1867 | D:2      | Reached XP level 4. HP: 30/31 MP: 0/0
  1877 | D:2      | Noticed Robin
  2289 | D:2      | Killed Robin
  3500 | D:4      | Reached XP level 5. HP: 30/36 MP: 0/0
  3500 | D:4      | Learned a level 2 spell: Scorch
  3729 | D:4      | Reached skill level 5 in Spellcasting
  3729 | D:4      | Reached XP level 6. HP: 28/41 MP: 0/0
  4414 | D:4      | Found a transporter.
  4425 | D:4      | Noticed jujuben's ghost (amateur DEFE)
  4430 | D:4      | Found a transporter.
  4811 | D:5      | Entered Level 5 of the Dungeon
  4953 | D:5      | Reached skill level 1 in Armour
  5119 | D:5      | Reached XP level 7. HP: 41/46 MP: 0/0
  5119 | D:5      | Learned a level 2 spell: Wereblood
  5310 | D:5      | Found a staircase to the Ecumenical Temple.
  5317 | Temple   | Entered the Ecumenical Temple
  5431 | Temple   | Became a worshipper of Hepliaklqana the Forgotten
  5738 | D:5      | Found Zin's Purification Station.
  5740 | D:5      | Found a glowing silver altar of Zin.
  5746 | D:5      | Bought a potion of curing for 90 gold pieces
  5782 | D:5      | Reached skill level 6 in Spellcasting
  5894 | D:5      | Reached skill level 1 in Fighting
  6061 | D:5      | Found a basalt altar of Yredelemnul.
  6061 | D:5      | Noticed Sigmund
  6064 | D:5      | Found a glowing golden altar of the Shining One.
  6066 | D:5      | Noticed an angel
  6272 | D:6      | Noticed Grinder
  6343 | D:6      | Reached XP level 8. HP: 45/52 MP: 0/0
  6404 | D:6      | Paralysed by Grinder for 2 turns
  6417 | D:6      | Noticed Blork the orc
  6769 | D:5      | Noticed Pikel
  6910 | D:5      | Killed Pikel
  7193 | D:6      | Paralysed by Grinder for 2 turns
  7197 | D:6      | Killed Grinder
  7198 | D:6      | Reached skill level 5 in Armour
  7198 | D:6      | Reached skill level 7 in Spellcasting
  7198 | D:6      | Reached XP level 9. HP: 52/58 MP: 0/0
  7198 | D:6      | Learned a level 3 spell: Mephitic Cloud
  7235 | D:6      | Killed Blork the orc
  7681 | D:6      | Noticed Eustachio
  7697 | D:6      | Killed Eustachio
  8226 | D:6      | Noticed Edmund
  8236 | D:6      | Found a shimmering altar of Xom.
  8269 | D:6      | Killed Edmund
  8541 | D:7      | Reached * piety under Hepliaklqana
  9213 | D:7      | Identified the +0 chain mail of Starshine {+Blink Int+5}
  9326 | D:7      | Reached XP level 10. HP: 48/57 MP: 0/0
  9502 | D:7      | Found a shadowy altar of Dithmenos.
  9681 | D:8      | Noticed a kobold demonologist
  9936 | D:8      | Reached skill level 8 in Spellcasting
 10326 | D:8      | Noticed an ice devil
 10448 | D:8      | Noticed a soul eater
 10459 | D:8      | Noticed an ice devil
 10463 | D:8      | Killed a kobold demonologist
 10977 | D:8      | Identified the +8 dagger of Waics {vorpal, rN+ Int+3}
 10997 | D:8      | Reached skill level 9 in Spellcasting
 12015 | D:9      | Found a sparkling altar of Nemelex Xobeh.
 12023 | D:9      | Reached ** piety under Hepliaklqana
 12024 | D:9      | Remembered your ancestor glurtz as a knight
 12309 | D:9      | Noticed a two-headed ogre
 12328 | D:9      | Reached skill level 5 in Dodging
 12602 | D:9      | Reached XP level 11. HP: 56/62 MP: 0/0
 12602 | D:9      | Learned a level 4 spell: Dispel Undead
 13011 | D:10     | Entered Level 10 of the Dungeon
 13146 | D:10     | Reached skill level 5 in Stealth
 13250 | D:10     | Found a staircase to the Lair.
 13257 | D:10     | Noticed Fannar
 13282 | D:10     | Killed Fannar
 13283 | D:10     | Reached skill level 10 in Spellcasting
 13585 | D:10     | Noticed Harold
 13599 | D:10     | Killed Harold
 13741 | D:10     | Reached *** piety under Hepliaklqana
 14113 | D:10     | Found a broken altar of Ashenzari.
 14118 | D:10     | Found an ornate altar of the Wu Jian Council.
 14244 | Lair:1   | Entered Level 1 of the Lair of Beasts
 14457 | Lair:1   | Noticed an elephant
 14458 | Lair:1   | Noticed an elephant
 14459 | Lair:1   | Noticed an elephant
 14463 | Lair:1   | Reached skill level 11 in Spellcasting
 14476 | Lair:1   | Killed an elephant
 14476 | Lair:1   | Noticed an elephant
 14482 | Lair:1   | Noticed an elephant
 14483 | Lair:1   | Killed an elephant
 14488 | Lair:1   | Killed an elephant
 14489 | Lair:1   | Killed an elephant
 14489 | Lair:1   | Noticed an elephant
 14718 | Lair:1   | Killed an elephant
 14719 | Lair:1   | Reached XP level 12. HP: 46/68 MP: 0/0
 15204 | Lair:1   | Reached skill level 12 in Spellcasting
 16283 | Lair:1   | Reached **** piety under Hepliaklqana
 16780 | Lair:2   | Reached skill level 13 in Spellcasting
 17054 | Lair:2   | Found a blossoming altar of Fedhas.
 17302 | Lair:2   | Reached XP level 13. HP: 56/72 MP: 0/0
 17302 | Lair:2   | Learned a level 5 spell: Borgnjor's Vile Clutch
 18040 | Lair:2   | Found a staircase to the Shoals.
 18794 | Lair:3   | Found a runed translucent door.
 18794 | Lair:3   | Noticed Fuxod's ghost (journeyman GnWn)
 18900 | Lair:3   | Reached skill level 14 in Spellcasting
 19201 | Lair:3   | Reached ***** piety under Hepliaklqana
 19346 | Lair:3   | Found a hole to the Spider Nest.
 19589 | Lair:3   | Noticed Josephine
 19601 | Lair:3   | Killed Josephine
 19970 | Lair:3   | Reached skill level 1 in Short Blades
 20248 | Lair:4   | Reached skill level 1 in Invocations
 20768 | Lair:4   | Noticed a six-headed hydra
 20769 | Lair:4   | Found a transporter.
 20777 | Lair:4   | Noticed a four-headed hydra
 20778 | Lair:4   | Killed a six-headed hydra
 20779 | Lair:4   | Reached XP level 14. HP: 66/76 MP: 0/0
 20949 | Lair:4   | Noticed Cegin's ghost (journeyman MiBe)
 21198 | Lair:4   | Upgraded the game from 0.29.0-5-ge4962eb29e to
                  | 0.29.0-10-g45618ea6d2
 21433 | Lair:4   | Identified the +1 robe "Pelyto" {rElec Dex+4}
 21449 | Lair:4   | Found a transporter.
 21453 | Lair:4   | Found a bloodstained altar of Trog.
 21677 | Lair:4   | Found a staircase to the Slime Pits.
 22358 | Lair:5   | Entered Level 5 of the Lair of Beasts
 22790 | Lair:5   | Reached skill level 15 in Spellcasting
 25459 | Lair:5   | Reached skill level 5 in Invocations
 25461 | Lair:5   | Reached skill level 10 in Stealth
 25465 | Lair:5   | Reached XP level 15. HP: 51/82 MP: 0/0
 25465 | Lair:5   | Learned a level 6 spell: Simulacrum
 27179 | D:11     | Identified the +8 trident "Mises" {elec, rC++}
 28230 | D:12     | Found a frozen archway.
 28244 | IceCv    | Entered an ice cave
 29194 | IceCv    | Noticed a reaper
 29200 | IceCv    | Reached skill level 16 in Spellcasting
 29527 | IceCv    | Killed a reaper
 30196 | D:12     | Found a staircase to the Orcish Mines.
 31520 | D:13     | Found an iron altar of Okawaru.
 31690 | Orc:1    | Entered Level 1 of the Orcish Mines
 31869 | Orc:2    | Entered Level 2 of the Orcish Mines
 32295 | Orc:2    | Noticed an orc warlord
 32315 | Orc:2    | Killed an orc warlord
 32346 | Orc:2    | Found Imisywes's Distillery.
 32358 | Orc:2    | Found Ovvigaol's Antique Armour Shop.
 32494 | Orc:2    | Reached ****** piety under Hepliaklqana
 32746 | Orc:2    | Noticed Maurice
 32755 | Orc:2    | Killed Maurice
 32881 | Orc:2    | Noticed Azrael
 32897 | Orc:2    | Reached XP level 16. HP: 50/87 MP: 0/0
 32903 | Orc:2    | Killed Azrael
 33231 | Orc:2    | Found Giuph's General Store.
 33239 | Orc:2    | Bought 2 scrolls of blinking for 255 gold pieces
 33239 | Orc:2    | Bought a scroll of identify for 34 gold pieces
 33239 | Orc:2    | Bought a scroll of identify for 34 gold pieces
 33278 | Orc:2    | Found Wyfael's Assorted Antiques.
 33304 | Orc:2    | Bought a scroll labelled MAESYM ITHRI for 33 gold pieces
 33304 | Orc:2    | Bought a scroll labelled TITIEKLAIT for 33 gold pieces
 33447 | Orc:2    | Found a staircase to the Elven Halls.
 33773 | Orc:1    | Reached skill level 1 in Shields
 34302 | D:14     | Found Waanath's Assorted Antiques.
 34537 | D:14     | Reached skill level 17 in Spellcasting
 34742 | D:14     | Found a gate to the Vaults.
 34846 | D:14     | Bought a scroll of immolation for 84 gold pieces
 34846 | D:14     | Bought a fuming ruby potion for 18 gold pieces
 34868 | D:14     | Noticed Roxanne
 34975 | D:14     | Found Ysapt's Magic Scroll Shoppe.
 35202 | D:14     | Found Biros's Magic Scroll Shoppe.
 35210 | D:14     | Bought a scroll of acquirement for 572 gold pieces
 35210 | D:14     | Bought a scroll of identify for 22 gold pieces
 35210 | D:14     | Bought a scroll of poison for 44 gold pieces
 35210 | D:14     | Bought a scroll of poison for 44 gold pieces
 35210 | D:14     | Bought a scroll of identify for 22 gold pieces
 35210 | D:14     | Bought a scroll of poison for 44 gold pieces
 35210 | D:14     | Acquired the +0 cloak of the Moon {+Inv rCorr}
 35224 | D:14     | Acquired the +2 pair of gloves of Beaxu {Regen+ SInv}
 35352 | D:14     | Found Dilevemu's Armour Emporium.
 35355 | D:14     | Bought a +2 kite shield of protection for 236 gold pieces
 35372 | D:14     | Bought a +2 helmet of see invisible for 236 gold pieces
 35736 | D:15     | Entered Level 15 of the Dungeon
 36313 | D:15     | Found a staircase to the Depths.
 36321 | D:15     | Reached XP level 17. HP: 79/92 MP: 0/0
 36321 | D:15     | Learned a level 6 spell: Statue Form
 36568 | Lair:3   | Killed Fuxod's ghost
 36824 | D:4      | Killed jujuben's ghost
 36875 | D:5      | Killed Sigmund
 36877 | D:5      | Noticed a profane servitor
 37250 | Spider:1 | Entered Level 1 of the Spider Nest
 37312 | Spider:1 | Noticed Jorgrun
 37323 | Spider:1 | Killed Jorgrun
 37567 | Spider:1 | Mangled by an emperor scorpion simulacrum

Illustrated notes

Levels and vault maps discovered:
D:1:      roderic_crop_circles_arrival_small, layout_basic,
          hellmonk_ecumenical_altar_lost_god
D:2:      layout_rooms, grunt_decor_junction, uniq_robin
D:3:      layout_loops_ring, mainiacjoe_overflow_boulevard,
          minmay_misc_feat_nine_boxes, mrwooster_statue_mirror,
          minmay_misc_feat_plants
D:4:      layout_rooms, gammafunk_ghost_arena
D:5:      layout_loops_corners, grunt_temple_overflow_holy_war, zin_purify,
          minmay_temple_entry_nine_rooms, uniq_pikel, uniq_sigmund
D:6:      layout_rooms, mainiacjoe_overflow_alcove_2, uniq_eustachio,
          uniq_blork_the_orc, uniq_edmund, uniq_grinder
D:7:      layout_cave_pods, amcnicky_altar_gilded, hex_tiny,
          kennysheep_generic_room_3
D:8:      layout_cave_pools, special_room [special_room_kobold],
          kennysheep_generic_room_13
D:9:      layout_stronghold, mainiacjoe_overflow_surrounded_room,
          chequers_serial_rivers_room_b, nicolae_fountain_basement
D:10:     layout_cross, vehumet_crystals, minitemple, uniq_fannar, uniq_harold
D:11:     layout_loops_ring, wad_rectangle_vault
D:12:     layout_loops_ring, hiddenorc1_lemuel, portal_ice_cave_rime
D:13:     layout_irregular_city, kennysheep_okawaru_gauntlet
D:14:     layout_small_grid, david_vaults_5, serial_shops, shop,
          nicolae_stop_n_shop_1, kennysheep_mini_moat,
          nicolae_shop_hallway_plus, hangedman_decor_peaks_small, uniq_roxanne
D:15:     grunt_enter_depths_magical_seal, layout_cave_pools,
          chequers_serial_rivers_micro_c
Temple:   hellmonk_temple_forest_ring
Lair:1:   layout_cave_pods, grunt_megastairs_1, infiniplex_staircase_pool_2
Lair:2:   layout_gridlike, minmay_shoals_entry_hut, tgw_fedhas
Lair:3:   layout_cave_pods, nicolae_spider_entry_orb_guardian,
          hellmonk_ghost_happy_afterlife, minivault_23,
          chequers_serial_rivers_micro_b, grunt_forest_small_clearing_treed,
          uniq_josephine
Lair:4:   layout_small_grid, slime_entry_1, gammafunk_ghost_wrathful_warriors,
          special_room [special_room_bee], patterned_corridor
Lair:5:   hangedman_lair_caniforms_friends, layout_cave_pods, grunt_megastairs_3
Spider:1: nicolae_spider_hilbert_zone_3 [nicolae_spider_hilbert_4_sides_2_open,
          nicolae_spider_hilbert_3_sides_1_open,
          nicolae_spider_hilbert_3_sides_1_open,
          nicolae_spider_hilbert_3_sides_1_open,
          nicolae_spider_hilbert_3_sides_1_open,
          nicolae_spider_hilbert_4_sides_1_open,
          nicolae_spider_hilbert_4_sides_1_open,
          nicolae_spider_hilbert_4_sides_1_open,
          nicolae_spider_hilbert_4_sides_1_open,
          nicolae_spider_hilbert_4_sides_1_open,
          nicolae_spider_hilbert_4_sides_1_open,
          nicolae_spider_hilbert_4_sides_1_open,
          nicolae_spider_hilbert_4_sides_1_open,
          nicolae_spider_hilbert_3_sides_1_open,
          nicolae_spider_hilbert_3_sides_1_open,
          nicolae_spider_hilbert_3_sides_1_open,
          nicolae_spider_hilbert_3_sides_1_open], uniq_donald, uniq_jorgrun,
          uniq_nikola
Orc:1:    layout_caves, mines2_david
Orc:2:    pubby_orc_utopia, serial_shops, uniq_maurice, uniq_azrael

Skill      XL: |  1  2  3  4  5  6  7  8  9 10 11 12 13 14 15 16 |
---------------+-------------------------------------------------+-----
Spellcasting   | 4 5 6 7 9 11 13 14 15 16 17 | 17.7
Stealth        | 2 3 4 6 7 8 10 11 12 | 12.2
Armour         | 1 3 5 7 8 |  8.5
Fighting       | 1 2 3 |  3.5
Dodging        | 3 4 5 6 |  6.4
Short Blades   | 1 2 |  2.3
Invocations    | 1 5 6 8 |  8.5
Shields        | 2 |  2.3

Action                   |  1- 3 |  4- 6 |  7- 9 | 10-12 | 13-15 | 16-18 || total
-------------------------+-------+-------+-------+-------+-------+-------++-------
Melee: Unarmed           |     3 |       |       |       |       |       ||     3
       Dagger            |       |       |       |     3 |    38 |    21 ||    62
       Punch             |       |       |       |       |     1 |       ||     1
 Cast: Magic Dart        |    36 |    71 |    64 |   188 |   306 |   168 ||   833
       Searing Ray       |    12 |    31 |    44 |    51 |   155 |    49 ||   342
       Scorch            |       |     2 |     3 |       |    15 |     1 ||    21
       Iskenderun's Myst |       |       |     9 |    79 |   141 |   113 ||   342
       Mephitic Cloud    |       |       |     8 |    28 |    88 |    52 ||   176
       Fulminant Prism   |       |       |       |     2 |     7 |     3 ||    12
       Borgnjor's Vile C |       |       |       |       |     3 |       ||     3
       Simulacrum        |       |       |       |       |     8 |     7 ||    15
       Dispel Undead     |       |       |       |       |       |     5 ||     5
Invok: Ancestor Identity |       |       |     1 |       |       |       ||     1
       Ancestor Life: Kn |       |       |       |     1 |       |       ||     1
       Recall Ancestor   |       |       |       |       |     1 |       ||     1
  Use: Scroll            |     2 |     2 |     1 |    11 |    11 |    10 ||    37
       Potion            |       |       |       |       |     3 |     1 ||     4
 Stab: Sleeping          |       |       |       |     2 |    27 |     8 ||    37
       Confused          |       |       |       |       |     1 |       ||     1
Armor: Robe              |     3 |     1 |       |       |       |       ||     4
       Leather armour    |       |     2 |     9 |    11 |    29 |       ||    51
       Troll leather arm |       |       |       |       |     4 |    21 ||    25
Dodge: Dodged            |     7 |    12 |    17 |    35 |   131 |    54 ||   256
Block: Buckler           |       |       |       |       |     6 |    18 ||    24
       Kite shield       |       |       |       |       |       |    19 ||    19
